 Dungeon Crawl Stone Soup version 0.18-a0-1773-gec4f98e (webtiles) character file.

21 frankiefran the Digger (level 2, -3/24 HPs)
             Began as a Troll Earth Elementalist on Apr 14, 2016.
             Slain by an adder (4 damage)
             ... on level 3 of the Dungeon.
             The game lasted 00:27:10 (442 turns).

frankiefran the Digger (Troll Earth Elementalist)    Turns: 442, Time: 00:27:10

Health: -3/24      AC:  5    Str: 15    XL:     2   Next: 62%
Magic:  3/3        EV:  5    Int: 11    God:
Gold:   13         SH:  0    Dex: 10    Spells: 2 memorised, 0 levels left

rFire  . . .     SeeInvis .     f - -1 mace (curse) {dupa}
rCold  . . .     Gourm    +     a - +0 robe
rNeg   . . .     Faith    .     (no shield)
rPois  .         Spirit   .     (helmet restricted)
rElec  .         Dismiss  .     (no cloak)
rCorr  .         Reflect  .     (gloves unavailable)
SustAt .         Harm     .     (boots unavailable)
MR     .....                    (no amulet)
Stlth  +.........               (no ring)
                                (no ring)

@: lethally poisoned (-3 -> -3), not resistant to hostile enchantments, very
unstealthy
A: unfitting armour, claws 3, fast metabolism 3, gourmand, regeneration 2,
shaggy fur 1, tough skin 2
a: no special abilities


You were on level 3 of the Dungeon.
You were not hungry.

You visited 1 branch of the dungeon, and saw 3 of its levels.

You collected 13 gold pieces.

Inventory:

Hand Weapons
 e - a +0 club
 f - a cursed -1 mace (weapon) {dupa}
 h - a +0 club
 i - a +0 club
 m - a +0 mace
 n - a +0 club
Missiles
 b - 28 stones (quivered)
Armour
 a - a +0 robe (worn)
 g - a +0 cloak
 l - a +0 ring mail
 p - a +0 robe
Potions
 j - a potion of curing {unknown}
 k - a potion of mutation {unknown}
 o - a potion of ambrosia {unknown}
Books
 c - a book of Geomancy

   Spells                             Type                      Level
   a - Sandblast                      Earth                        1
   b - Passwall                       Transmutation/Earth          2
   c - Stone Arrow                    Conjuration/Earth            3
   d - Petrify                        Transmutation/Earth          4
   e - Lee's Rapid Deconstruction     Earth                        5
Comestibles
 d - a bread ration


   Skills:
 - Level 0.1 Fighting
 - Level 0.1 Maces & Flails
 - Level 1.9 Dodging
 - Level 1.1 Stealth
 - Level 1.3 Spellcasting
 + Level 1.1 Transmutations
 - Level 3.0 Earth Magic


You couldn't memorise any spells.
You knew the following spells:

 Your Spells              Type           Power        Failure   Level  Hunger
a - Sandblast             Erth           #.....       12%         1    ##.....
b - Passwall              Trmt/Erth      #.........   24%         2    ###....


Dungeon Overview and Level Annotations

Branches:
Dungeon (3/15)

Altars:
Zin


Innate Abilities, Weirdness & Mutations

You are too large for most types of armour.
You have claws for hands.
Your metabolism is lightning-fast.
You like to eat raw meat.
You heal very quickly.
You are covered in fur (AC +1).
You have very tough skin (AC +2).


Message History

The adder is heavily wounded.
You feel sick. The ball python bites you.
* * * LOW HITPOINT WARNING * * *
The adder barely misses you. The adder bites you but does no damage.
The adder barely misses you. The ball python bites you.
* * * LOW HITPOINT WARNING * * *
The adder closely misses you.
Welcome back, frankiefran the Troll Earth Elementalist.
Press ? for a list of commands and other information.
The adder barely misses you.
You feel sick. The adder bites you.
* * * LOW HITPOINT WARNING * * *
You are more poisoned.
The adder poisons you!
There is a stone staircase leading up here.
You can't go down here!
You feel sick. The adder bites you.
* * * LOW HITPOINT WARNING * * *
The adder bites you but does no damage. The adder bites you.
You die...

...............
.............
........).#
#.(# #..# #.r#
#####r#####
#>...rS...#
#.....S@..#
#.....S...#
###########


You could see 2 adders, a quokka, a ball python and 2 rats.

Vanquished Creatures
  An ooze (D:3)
  A giant cockroach (D:3)
  2 goblins (D:2)
  3 hobgoblins
  4 jackals (D:2)
  A quokka (D:2)
  A bat (D:2)
13 creatures vanquished.

Notes
Turn   | Place    | Note
--------------------------------------------------------------
     0 | D:1      | frankiefran the Troll Earth Elementalist began the quest for the Orb.
     0 | D:1      | Reached XP level 1. HP: 16/16 MP: 1/1
    91 | D:2      | Found a glowing silver altar of Zin.
   134 | D:2      | Reached skill level 3 in Earth Magic
   148 | D:2      | Reached XP level 2. HP: 19/24 MP: 3/3
   236 | D:2      | Learned a level 2 spell: Passwall
   423 | D:3      | Reached skill level 1 in Transmutations
   442 | D:3      | HP: 1/24 [adder (2)]
   442 | D:3      | Slain by an adder

Vault maps used:
D:1:      dpeg_arrival_arbitrary_b, corexii_item_surrounded_by_moat
D:2:      zin_academy, cheibriados_altar_1, kennysheep_generic_room_9
D:3:      uniq_iyjb, uniq_crazy_yiuf_cottage

Skill      XL: |  1  2 |
---------------+-------+-----
Earth Magic    | 3 |  3.0
Transmutations | 1 |  1.1
Fighting       | |  0.1
Maces & Flails | |  0.1
Dodging        | |  1.9
Stealth        | |  1.1
Spellcasting   | |  1.3

Action                   || total
-------------------------++-------
Melee: Mace              ||    59
 Cast: Passwall          ||     2
  Eat: Bread ration      ||     1
Armor: Robe              ||    61
Dodge: Dodged            ||    89
